 Dungeon Crawl Stone Soup version 0.26.1-2-gb8aa6d0cf2 (webtiles) character file.

Game seed: 7203007143292949200

1471 st0uf the Ruffian (level 8, -7/66 HPs)
             Began as a Purple Draconian Transmuter on Mar 19, 2021.
             Was a Follower of Ashenzari.
             Killed from afar by an electric eel (8 damage)
             ... with a bolt of electricity
             ... on level 6 of the Dungeon.
             The game lasted 00:23:44 (5099 turns).

st0uf the Ruffian (Purple Draconian Transmuter)     Turns: 5099, Time: 00:23:45

Health: -7/66      AC:  6    Str: 13    XL:     8   Next: 49%
Magic:  17/17      EV: 13    Int: 16    God:    Ashenzari [*.....]
Gold:   269        SH:  0    Dex: 11    Spells: 15/19 levels left

rFire    . . .     SeeInvis .     - Unarmed
rCold    . . .     Faith    +   (no shield)
rNeg     . . .     Spirit   .   (armour unavailable)
rPois    .         Reflect  .   (helmet currently unavailable)
rElec    .         Harm     .   (no cloak)
rCorr    .         Rampage  .   (no gloves)
Will     +....                  (boots currently unavailable)
Stlth    ++........             e - amulet of faith
HPRegen  0.21/turn              h - ring of stealth
MPRegen  0.15/turn              (no ring)

@: appendages
A: breathe power, unfitting armour, horns 2, talons 2, cold-blooded, AC +6
a: Breathe Dispelling Energy, End Transformation, Renounce Religion, Curse Item,
Scrying


You were on level 6 of the Dungeon.
You worshipped Ashenzari.
Ashenzari was aware of your devotion.
You had grown temporary horns.
You had grown temporary talons.
You visited 2 branches of the dungeon, and saw 7 of its levels.
You also visited: Sewer.

You collected 269 gold pieces.

Inventory:

Hand Weapons
 k - a +2 trident of protection
Missiles
 a - 114 arrows
Jewellery
 e - an amulet of faith (around neck)
 h - a ring of stealth (left hand)
Wands
 m - a wand of iceblast (5)
 p - a wand of polymorph (7)
Scrolls
 b - 5 scrolls of identify {unknown}
 c - a scroll of enchant weapon {unknown}
 d - 2 scrolls of enchant armour {unknown}
 g - 3 scrolls of fear {unknown}
 i - a scroll of remove curse
 l - 4 scrolls of teleportation {unknown}
 n - a scroll of noise {unknown}
 o - a scroll of magic mapping {unknown}
Potions
 f - 3 potions of curing {unknown}
 j - a potion of might {unknown}


   Skills:
 + Level 4.1 Fighting
 * Level 3.7 Dodging
 + Level 6.7 Unarmed Combat
 + Level 6.4 Spellcasting
 * Level 4.4 Transmutations
 + Level 0.4 Poison Magic


You had 15 spell levels left.
You knew the following spells:

 Your Spells              Type           Power        Failure   Level
a - Beastly Appendage     Tmut           38%          2%          1
b - Spider Form           Tmut/Pois      6%           14%         3

Your spell library contained the following spells:

 Spells                   Type           Power        Failure   Level
 Wereblood                Tmut           19%          3%          2
 Ice Form                 Ice/Tmut       12%          47%         4
 Blade Hands              Tmut           9%           52%         5


Dungeon Overview and Level Annotations

Branches:
Dungeon (6/15)             Temple (1/1) D:4           Sewer (visited)

Altars:
Ashenzari
Cheibriados
Gozag
Nemelex Xobeh
Uskayaw
The Shining One

Annotations:
D:4 Natasha


Innate Abilities, Weirdness & Mutations

You can breathe bolts of dispelling energy.
Your rich purple scales are hard. (AC +6)
You cannot fit into any form of body armour.
You are cold-blooded and may be slowed by cold attacks.
You have a pair of horns on your head.
You have razor-sharp toenails.


Message History

Your headbutt misses the electric eel.
The electric eel is severely wounded.
You hit the electric eel.
You headbutt the electric eel, but do no damage.
The electric eel is almost dead.
You hit the electric eel. Your kick misses the electric eel.
The electric eel is almost dead.
You hit the electric eel but do no damage.
The electric eel is almost dead.
You closely miss the electric eel.
The electric eel is almost dead.
You closely miss the electric eel.
You headbutt the electric eel, but do no damage.
Your punch misses the electric eel.
The electric eel is almost dead.
The electric eel shoots out a bolt of lightning at you!
The bolt of electricity hits you!
* * * LOW HITPOINT WARNING * * *
The bolt of electricity hits you!
You die... #.# #PP≈≈≈#.≈P≈≈PP# #.# PP♣≈PPPPP♣♣PP#

#.# #.P♣PPPP≈≈♣
P# #.#
#..≈♣♣P♣≈≈≈. #
#.# #..≈≈≈♣♣♣≈.P#
#.# #..P≈≈♣♣♣PP##
#.# #.#.≈≈≈≈≈PP#
#.# #.#;P≈≈≈P..#
#.# #.#@≈P≈P≈P#
#.#####...P.P≈.##
#................
#################


You could see an electric eel.

Vanquished Creatures
  Pikel (D:5)
  2 lemures (D:5)
  8 big kobolds (Sewer)
  A water moccasin skeleton (D:4)
  A centaur zombie (D:5)
  A jelly (D:5)
  2 worker ants
  10 adders
  4 gnolls
  A river rat (D:5)
  2 shadow imps
  4 oozes
  2 adder zombies (D:5)
  3 worms
  2 dart slugs
  3 leopard geckos (D:5)
  2 orcs
  8 ball pythons
  9 bats
  6 giant cockroaches
  3 goblins
  8 hobgoblins
  3 quokkas
  3 frilled lizards
  14 kobolds
  A leopard gecko skeleton (D:4)
  15 rats
119 creatures vanquished.

Vanquished Creatures (others)
  8 plants (D:6)
8 creatures vanquished.

Grand Total: 127 creatures vanquished

Notes
Turn   | Place    | Note
-------+----------+-------------------------------------------
     0 | D:1      | st0uf the Draconian Transmuter began the quest for the Orb.
     0 | D:1      | Reached XP level 1. HP: 16/16 MP: 3/3
   132 | D:1      | Reached XP level 2. HP: 23/23 MP: 3/5
   453 | D:2      | Reached XP level 3. HP: 18/28 MP: 4/6
   891 | D:2      | Found a hide-covered altar of Uskayaw.
   891 | D:2      | Found a glowing golden altar of the Shining One.
   891 | D:2      | Found a snail-covered altar of Cheibriados.
   918 | D:2      | Found a broken altar of Ashenzari.
   941 | D:2      | Became a worshipper of Ashenzari the Shackled
  1257 | D:2      | Reached XP level 4. HP: 36/36 MP: 6/8
  1274 | D:2      | Learned a level 3 spell: Spider Form
  1854 | D:3      | Reached XP level 5. HP: 39/41 MP: 9/9
  2142 | D:3      | Reached * piety under Ashenzari
  2304 | D:4      | Noticed Natasha
  2583 | D:4      | Found a staircase to the Ecumenical Temple.
  2592 | Temple   | Entered the Ecumenical Temple
  2644 | D:5      | Entered Level 5 of the Dungeon
  2738 | D:5      | Found a glowing drain.
  2770 | D:5      | Reached XP level 6. HP: 43/50 MP: 9/11
  2780 | Sewer    | Entered a sewer
  3373 | Sewer    | Reached skill level 5 in Unarmed Combat
  3373 | Sewer    | Your scales start taking on a rich purple colour.
  3373 | Sewer    | Reached skill level 5 in Spellcasting
  3373 | Sewer    | Reached XP level 7. HP: 52/57 MP: 14/14
  4618 | D:5      | Found an opulent altar of Gozag.
  4618 | D:5      | Found a sparkling altar of Nemelex Xobeh.
  4618 | D:5      | Noticed Pikel
  4648 | D:5      | Killed Pikel
  4649 | D:5      | Reached XP level 8. HP: 42/66 MP: 14/17
  5099 | D:6      | HP: 1/66 [electric eel/bolt of electricity (16)]
  5099 | D:6      | Killed from afar by an electric eel

Illustrated notes

Levels and vault maps discovered:
D:1:      nagdon_arrival_double_spiral, layout_loops_ring, minmay_misc_feat_iff,
          kennysheep_pointless_box, chequers_serial_rivers_large_a,
          st_stairs_11, minmay_misc_feat_secret_circle
D:2:      layout_basic, gammafunk_temple_overflow_claw,
          nicolae_ashenzari_panopticon
D:3:      layout_basic, chequers_hall_statues_y
D:4:      layout_cave_pools, minmay_temple_entry_crystal_x, uniq_natasha
D:5:      layout_loops_cross, grunt_temple_overflow_opulence, serial_shops,
          shop_fountains, portal_sewer_entry_b, tgw_fedhas, uniq_pikel
D:6:      layout_basic, kennysheep_mini_moat, serial_bayou,
          serial_bayou_crossing, serial_bayou_lake_a, serial_bayou_lagoon_a,
          serial_bayou_pond_c
Temple:   minmay_temple_curvy_loop

Skill      XL: |  1  2  3  4  5  6  7 |
---------------+----------------------+-----
Dodging        | 2 3 |  3.7
Spellcasting   | 3 5 6 |  6.4
Fighting       | 2 3 4 |  4.1
Unarmed Combat | 4 5 6 |  6.7
Transmutations | 3 4 |  4.4
Poison Magic   | |  0.4

Action                   |  1- 3 |  4- 6 |  7- 9 || total
-------------------------+-------+-------+-------++-------
Melee: Unarmed           |   121 |   189 |   184 ||   494
       Kick              |    18 |    26 |    29 ||    73
       Headbutt          |    10 |    20 |    23 ||    53
       Tailslap          |     8 |    16 |    16 ||    40
       Punch             |     2 |     6 |     4 ||    12
 Cast: Beastly Appendage |    19 |    27 |    20 ||    66
       Spider Form       |       |       |     2 ||     2
 Stab: Sleeping          |       |     5 |     2 ||     7
Armor: Skin              |    28 |    52 |    30 ||   110
Dodge: Dodged            |    65 |   104 |    73 ||   242
